 Dungeon Crawl Stone Soup version 0.32-a0-20-ge526923d97 (webtiles) character file.

Game seed: 6856968606168993979

583 jlumianski the Ruffian (level 7, -18/53 HPs)
             Began as a Gnoll Shapeshifter on Jan 17, 2024.
             Demolished by Dowan
             ... wielding a +4 dagger of electrocution
              (20 damage)
             ... on level 4 of the Dungeon.
             The game lasted 00:13:05 (3102 turns).

jlumianski the Ruffian (Gnoll Shapeshifter)         Turns: 3102, Time: 00:13:06

Health: -18/53     AC:  5    Str: 15    XL:     7   Next: 37%
Magic:  10/10      EV: 12    Int: 10    God:
Gold:   186        SH:  0    Dex: 14    Spells: 11/11 levels left

rFire   . . .        n - +1 dagger "Nupeott" {spect, rPois Will+++ Dex-3 Stlth+}
rCold   . . .        (no shield)
rNeg    . . .        p - +0 ring mail
rPois   +            (helmet currently unavailable)
rElec   .            (cloak currently unavailable)
rCorr   .            (gloves currently unavailable)
SInv    .            (boots currently unavailable)
Will    +++..        (no amulet)
Stlth   ++           k - +6 ring of dexterity
HPRegen 0.28/turn    (no ring)
MPRegen 0.12/turn

%: no passive effects
@: beast-form
A: beast (slay +3), fangs 1, strong nose, distributed training
a: Begin Untransformation


You were on level 4 of the Dungeon.
You were a hulking beast.
You visited 1 branch of the dungeon, and saw 5 of its levels.

You collected 186 gold pieces.

Inventory:

Hand Weapons
 n - the +1 dagger "Nupeott" (weapon) {spect, rPois Will+++ Dex-3 Stlth+}
   (You found it on level 2 of the Dungeon)

   Dex-3:     It affects your dexterity (-3).
   rPois:     It protects you from poison Will+++: It greatly increases your
   willpower.
   Stlth+:    It makes you more stealthy.
Armour
 a - a +0 animal skin
 o - a +0 pair of gloves
 p - a +0 ring mail (worn)
 q - a +8 chain mail of ponderousness
Magical Staves
 f - a staff of air
Jewellery
 k - a +6 ring of dexterity (left hand)
Talismans
 c - a beast talisman
 d - a flux talisman
 u - a maw talisman
Scrolls
 e - 2 scrolls of fear
 g - a scroll of revelation
 h - a scroll of immolation {unknown}
 i - a scroll of torment {unknown}
 j - a scroll of noise
 m - 2 scrolls of enchant armour {unknown}
 r - 2 scrolls of teleportation {unknown}
 s - a scroll of enchant weapon {unknown}
 t - 2 scrolls of brand weapon {unknown}
Potions
 b - 5 potions of lignification
 l - 2 potions of brilliance


   Skills:
 + Level 3.6 Fighting
 + Level 2.5 Short Blades
 + Level 2.5 Long Blades
 + Level 2.5 Axes
 + Level 2.5 Maces & Flails
 + Level 2.5 Polearms
 + Level 2.5 Staves
 + Level 2.5 Ranged Weapons
 + Level 2.5 Throwing
 + Level 2.5 Armour
 + Level 5.2 Dodging
 + Level 2.5 Stealth
 + Level 2.5 Shields
 + Level 7.0 Unarmed Combat
 + Level 2.5 Spellcasting
 + Level 2.0 Conjurations
 + Level 2.0 Hexes
 + Level 2.0 Summonings
 + Level 2.0 Necromancy
 + Level 2.0 Translocations
 + Level 2.0 Fire Magic
 + Level 2.0 Ice Magic
 + Level 2.0 Air Magic
 + Level 2.0 Earth Magic
 + Level 2.0 Alchemy
 + Level 2.8 Invocations
 + Level 2.5 Evocations
 + Level 6.9 Shapeshifting


You had 11 spell levels left.
You didn't know any spells.
Your spell library contained the following spells:

 Spells                   Type           Power      Damage    Failure   Level
 Apportation              Tloc           10%        N/A       24%         1
 Magic Dart               Conj           20%        1d4       24%         1
 Necrotise                Necr           20%        1d5       24%         1
 Sting                    Conj/Alch      20%        1d4       24%         1
 Summon Small Mammal      Summ           20%        N/A       24%         1
 Blink                    Tloc           10%        N/A       36%         2
 Call Imp                 Summ           10%        N/A       36%         2


Dungeon Overview and Level Annotations

Branches:
Dungeon (5/15)
 Temple: D:4-7

Altars:
Xom

Annotations:
D:4 Dowan, Edmund


Innate Abilities, Weirdness & Mutations

You are a hulking beast.
Your limbs bulge with bestial killing power. (Slay +3)
You have very sharp teeth.
Your uncanny sense of smell can sniff out nearby items.
Your experience applies equally to all skills.


Message History

Duvessa is moderately wounded.
Your +1 dagger "Nupeott" {spect, rPois Will+++ Dex-3 Stlth+} hits Duvessa!
Duvessa hits you with a +0 short sword.
You hit Duvessa but do no damage.
Duvessa is heavily wounded.
Your +1 dagger "Nupeott" {spect, rPois Will+++ Dex-3 Stlth+} hits Duvessa!
Duvessa closely misses your +1 dagger "Nupeott" {spect, rPois Will+++ Dex-3 Stlth+}.
Dowan casts a spell at you. The puff of frost hits you!
Duvessa barely misses your +1 dagger "Nupeott" {spect, rPois Will+++ Dex-3 Stlth+}.
You strike the helpless Duvessa from behind!
You puncture Duvessa!
Duvessa is almost dead.
Your +1 dagger "Nupeott" {spect, rPois Will+++ Dex-3 Stlth+} barely misses Duvessa.
Dowan hits you but does no damage. Duvessa closely misses you.
You hit Duvessa but do no damage. You bite Duvessa, but do no damage.
Duvessa is almost dead.
Your +1 dagger "Nupeott" {spect, rPois Will+++ Dex-3 Stlth+} hits Duvessa but does no damage.
Duvessa closely misses you. Dowan misses you.
You hit Duvessa but do no damage. You bite Duvessa, but do no damage.
Duvessa is almost dead.
Your +1 dagger "Nupeott" {spect, rPois Will+++ Dex-3 Stlth+} closely misses Duvessa.
Duvessa hits you with a +0 short sword. Dowan barely misses you.
Duvessa hits you with a +0 short sword!
You hit Duvessa.
Duvessa is almost dead.
Your +1 dagger "Nupeott" {spect, rPois Will+++ Dex-3 Stlth+} hits Duvessa but does no damage.
Duvessa hits you with a +0 short sword!
* * * LOW HITPOINT WARNING * * *
Dowan hits you with a +4 dagger of electrocution.
* * * LOW HITPOINT WARNING * * *
You puncture Duvessa!
You kill Duvessa!
Dowan screams, "No!
No!"
Dowan seems to find hidden reserves of power!
Your +1 dagger "Nupeott" {spect, rPois Will+++ Dex-3 Stlth+} disappears.
Dowan hits you with a +4 dagger of electrocution.
* * * LOW HITPOINT WARNING * * *
You are electrocuted!!
You die...

##.##... #.......
#....##. ## #####.#####.
##.## ###..#..## ##
###...###........##.#.
#.....#....##.........
#...e.....##.........
#..)h...#.##.........
...#...)...#............
........................
.....................#..
..................#.####
##....#.........#.#..#
......#.........#.#.## #
...#......>.........# ##
...#.###....#.......###.


You could see Dowan (fast).

Vanquished Creatures
  Sigmund (D:2)
  Duvessa (D:4)
  A phantom (D:3)
  A scorpion (D:4)
  A jelly (D:4)
  2 orc priests (D:4)
  Terence (D:3)
  4 gnolls (D:3)
  7 adders
  3 dart slugs
  2 ribbon worms (D:3)
  4 orcs
  5 ball pythons
  4 endoplasms
  2 giant cockroaches
  4 goblins
  8 hobgoblins
  5 kobolds
  2 quokkas
  5 bats
  4 frilled lizards
  11 rats
78 creatures vanquished.

Notes
Turn   | Place    | Note
-------+----------+-------------------------------------------
     0 | D:1      | jlumianski the Gnoll Shapeshifter began the quest for the
                  | Orb.
     0 | D:1      | Reached XP level 1. HP: 17/17 MP: 1/1
   188 | D:1      | Reached XP level 2. HP: 23/23 MP: 2/2
   437 | D:1      | Reached XP level 3. HP: 19/28 MP: 3/3
   538 | D:2      | Reached skill level 1 in Invocations
   717 | D:2      | Reached skill level 1 in Short Blades
   717 | D:2      | Reached skill level 1 in Long Blades
   717 | D:2      | Reached skill level 1 in Axes
   717 | D:2      | Reached skill level 1 in Maces & Flails
   717 | D:2      | Reached skill level 1 in Polearms
   717 | D:2      | Reached skill level 1 in Staves
   717 | D:2      | Reached skill level 1 in Ranged Weapons
   717 | D:2      | Reached skill level 1 in Throwing
   717 | D:2      | Reached skill level 1 in Armour
   717 | D:2      | Reached skill level 1 in Stealth
   717 | D:2      | Reached skill level 1 in Shields
   717 | D:2      | Reached skill level 1 in Spellcasting
   717 | D:2      | Reached skill level 1 in Evocations
   724 | D:2      | Reached XP level 4. HP: 29/34 MP: 5/5
   731 | D:2      | Identified the +1 dagger "Nupeott" {spect, rPois Will+++
                  | Dex-3 Stlth+}
   991 | D:2      | Reached skill level 1 in Conjurations
   991 | D:2      | Reached skill level 1 in Hexes
   991 | D:2      | Reached skill level 1 in Summonings
   991 | D:2      | Reached skill level 1 in Necromancy
   991 | D:2      | Reached skill level 1 in Translocations
   991 | D:2      | Reached skill level 1 in Fire Magic
   991 | D:2      | Reached skill level 1 in Ice Magic
   991 | D:2      | Reached skill level 1 in Air Magic
   991 | D:2      | Reached skill level 1 in Earth Magic
   991 | D:2      | Reached skill level 1 in Alchemy
  1129 | D:2      | Noticed Sigmund
  1141 | D:2      | Killed Sigmund
  1142 | D:2      | Reached XP level 5. HP: 31/41 MP: 5/7
  1142 | D:2      | Reached XP level 6. HP: 35/47 MP: 5/8
  1605 | D:4      | Reached skill level 5 in Dodging
  1950 | D:3      | Noticed Terence
  1964 | D:3      | Killed Terence
  2023 | D:3      | Reached skill level 7 in Unarmed Combat
  2023 | D:3      | Reached XP level 7. HP: 52/52 MP: 10/10
  2043 | D:3      | Found a shimmering altar of Xom.
  2866 | D:4      | Noticed Edmund
  2898 | D:4      | Noticed Dowan
  2899 | D:4      | Noticed Duvessa
  2926 | D:5      | Entered Level 5 of the Dungeon
  3102 | D:4      | Killed Duvessa
  3102 | D:4      | HP: 2/53 [Dowan/+4 dagger of electrocution (4)]
  3102 | D:4      | Demolished by Dowan

Illustrated notes

Levels and vault maps discovered:
D:1:      dpeg_arrival_lava_temple_mockup, layout_rooms
D:2:      layout_basic, roderic_serpentine_path, hangedman_glass_teeth,
          minmay_rat_gold_closets, uniq_sigmund
D:3:      layout_basic, mainiacjoe_overflow_small_starburst, st_stairs_10,
          uniq_terence
D:4:      layout_cave_pools, kennysheep_okawaru_gauntlet,
          nicolae_hepliaklqana_hippocampus, uniq_edmund, uniq_duvessa
D:5:      layout_cave_pools, yredelemnul_forgotten_temple_becter,
          kennysheep_mini, minmay_temple_entry_statues_fountains,
          bh_walls_and_bars

Skill      XL: |  1  2  3  4  5  6  7 |
---------------+----------------------+-----
Invocations    | 1 2 |  2.8
Short Blades   | 1 2 |  2.5
Long Blades    | 1 2 |  2.5
Axes           | 1 2 |  2.5
Maces & Flails | 1 2 |  2.5
Polearms       | 1 2 |  2.5
Staves         | 1 2 |  2.5
Ranged Weapons | 1 2 |  2.5
Throwing       | 1 2 |  2.5
Armour         | 1 2 |  2.5
Stealth        | 1 2 |  2.5
Shields        | 1 2 |  2.5
Spellcasting   | 1 2 |  2.5
Evocations     | 1 2 |  2.5
Conjurations   | 1 2 |  2.0
Hexes          | 1 2 |  2.0
Summonings     | 1 2 |  2.0
Necromancy     | 1 2 |  2.0
Translocations | 1 2 |  2.0
Fire Magic     | 1 2 |  2.0
Ice Magic      | 1 2 |  2.0
Air Magic      | 1 2 |  2.0
Earth Magic    | 1 2 |  2.0
Alchemy        | 1 2 |  2.0
Fighting       | 3 |  3.6
Dodging        | 5 |  5.2
Unarmed Combat | 7 |  7.0
Shapeshifting  | |  6.9

Action                     |  1- 3 |  4- 6 |  7- 9 || total
---------------------------+-------+-------+-------++-------
  Melee: Unarmed           |    45 |     3 |       ||    48
         Bite              |     5 |    13 |     7 ||    25
         Punch             |     3 |       |     4 ||     7
         Dagger            |       |    73 |    52 ||   125
    Use: Scroll            |       |     2 |     2 ||     4
   Stab: Sleeping          |     1 |     9 |     1 ||    11
         Distracted        |       |       |     2 ||     2
 Armour: Animal skin       |    15 |     4 |       ||    19
         Ring mail         |       |    28 |    40 ||    68
  Dodge: Dodged            |    35 |    28 |    35 ||    98

Table legend: (Time is in decaauts)
 A = Elapsed time spent in this place.
 B = Non-inter-level travel time spent in this place.
 C = Inter-level travel time spent in this place.
 D = Time resting spent in this place.
 E = Time spent auto-exploring this place.
 F = Levels seen in this place.
 G = Mean time per level.
                   A        B        C        D        E       F      G
               +--------+--------+--------+--------+--------+-----+--------+
         Total |   3103 |   2986 |    117 |    510 |   1130 |   5 |  620.6 |
       Dungeon |   3103 |   2986 |    117 |    510 |   1130 |   5 |  620.6 |
               +--------+--------+--------+--------+--------+-----+--------+

Top non-repeatable levels by time:
     D:2: 1068 daAuts
     D:3: 1009 daAuts
     D:4: 536 daAuts
     D:1: 452 daAuts
     D:5: 36 daAuts
